 Dungeon Crawl Stone Soup version 0.30-a0-210-g01b79a254e (webtiles) character file.

Game seed: 4945324396852959114

141 mdonais the Trooper (level 5, 0/48 HPs)
             Began as a Meteoran Gladiator on Oct 4, 2022.
             Killed by divine providence
             ... invoked by an orc priest
              (14 damage)
             ... on level 3 of the Dungeon.
             The game lasted 00:04:54 (612 turns).

mdonais the Trooper (Meteoran Gladiator)             Turns: 612, Time: 00:04:55

Health: 0/48       AC:  6    Str: 17    XL:     5   Next: 78%
Magic:  6/6        EV: 12    Int: 10    God:
Gold:   86         SH:  0    Dex: 15    Spells: 4/4 levels left

rFire   . . .      SeeInvis .    a - +0 war axe
rCold   . . .      Faith    .    (no shield)
rNeg    . . .      Spirit   .    d - +0 ring mail
rPois   .          Reflect  .    c - +0 helmet
rElec   .          Harm     .    (no cloak)
rCorr   .          Rampage  .    (no gloves)
Will    .....                    (no boots)
Stlth   +.........               (no amulet)
HPRegen 0.28/turn                (no ring)
MPRegen 0.10/turn                (no ring)

@: glowing
A: sense surroundings 1, otherworldly, glowing, explore regen
a: no special abilities


You were on level 3 of the Dungeon.
You visited 1 branch of the dungeon, and saw 4 of its levels.

You collected 86 gold pieces.

Inventory:

Hand Weapons
 a - a +0 war axe (weapon)
Missiles
 e - 3 poisoned darts
 v - a javelin
 Z - 2 throwing nets (quivered) {=!f}
Armour
 b - a +0 leather armour
 c - a +0 helmet (worn)
 d - a +0 ring mail (worn)
   (You found it on level 2 of the Dungeon)
Scrolls
 f - 3 scrolls of identify {unknown}
 g - a scroll of fear {unknown}
 j - a scroll of enchant armour {unknown}
 l - a scroll of butterflies {unknown}
Potions
 h - a potion of resistance {unknown}
 i - a potion of cancellation
 k - a potion of haste {unknown}


   Skills:
 - Level 5.0 Fighting
 - Level 3.6 Axes
 - Level 2.4 Throwing
 + Level 2.9 Armour
 - Level 3.6 Dodging


You had 4 spell levels left.
You didn't know any spells.
Your spell library was empty.

Dungeon Overview and Level Annotations

Branches:
Dungeon (4/15) Zot: 1753
 Temple: D:4-7

Altars:
Yredelemnul

Shops:
D:3 (


Innate Abilities, Weirdness & Mutations

You passively map a small area around you.
You are easily found by Zot.
You glow in the dark.
You regain HP and MP as you explore.


Message History

The jackal is moderately wounded.
You hit the jackal. x2
The jackal bites you but does no damage. x2
The jackal bites you. The jackal misses you. The jackal closely misses you. x2
You hit the jackal.
You kill the jackal!
You slash the jackal!
You kill the jackal!
You barely miss the jackal. You hit the jackal.
You kill the jackal!
The jackal closely misses you. x2
You slash the iguana!
The iguana is heavily wounded.
You hit the jackal. The jackal bites you.
The iguana bites you but does no damage.
The jackal bites you but does no damage.
You take 2 damage, and have 38/47 hp.
You closely miss the jackal.
The jackal is almost dead.
You hit the iguana.
The jackal bites you but does no damage.
The iguana barely misses you. The jackal closely misses you.
You barely miss the jackal.
The jackal is almost dead.
You hit the iguana but do no damage. The iguana bites you!
The jackal barely misses you. The iguana bites you.
You take 14 damage, and have 24/47 hp.
MASSIVE DAMAGE!!
You barely miss the jackal.
The jackal is almost dead.
You hit the iguana.
The jackal bites you but does no damage.
The jackal misses you. The iguana bites you!
* * * LOW HITPOINT WARNING * * *
You take 11 damage, and have 13/47 hp.
MASSIVE DAMAGE!!
You are too injured to fight recklessly!
You miss the jackal.
The jackal is almost dead.
You slash the iguana!
You kill the iguana!
The jackal barely misses you.
The jackal bites you but does no damage.
You barely miss the jackal.
The jackal is severely wounded.
The jackal bites you but does no damage. x2
You slash the jackal!
You kill the jackal!
f - 3 scrolls labelled GASAOB LOSAWI (gained 1)
Found a silvery potion.
You regained 4 hp, and now have 20/47 hp.
An ufetubus comes into view.
Found 3 gold pieces.
A giant cockroach comes into view.
You regained 3 hp, and now have 23/47 hp.
Found a ring mail.
You regained 3 hp, and now have 27/47 hp.
You slash the ufetubus!
You kill the ufetubus!
Training target 5.0 for Fighting reached!
Your Fighting skill increases to level 5!
You slash the giant cockroach!
You kill the giant cockroach!
No target in view!
k - a viscous clear potion
Found a spear.
You regained 5 hp, and now have 35/48 hp.
You regained 2 hp, and now have 37/48 hp.
You now have 86 gold pieces (gained 3).
You see here a +0 chain mail.
You regained 2 hp, and now have 39/48 hp.
Found a bubbling emerald potion.
There is a stone staircase leading up here.
You regained 2 hp, and now have 41/48 hp.
You climb upwards.
HP restored.
Found a scroll labelled LYFFUM UXTAEJY.
There is a stone staircase leading down here.
Health restored: 48 An orc comes into view.
It is wielding a +0 mace.
You see here a scroll labelled LYFFUM UXTAEJY.
l - a scroll labelled LYFFUM UXTAEJY An orc priest comes into view.
It is wielding a +0 club.
The orc priest shouts!
You hit the orc.
The orc is lightly wounded.
An orc comes into view. It is wielding a +0 morningstar.
The orc hits you but does no damage.
You barely miss the orc.
The orc is lightly wounded.
The orc shouts!
You hear a shout!
The orc hits you with a +0 mace. The orc barely misses you.
An orc comes into view. It is wielding a +4 flail.
The orc priest calls upon Beogh to heal the orc.
The orc's wounds heal themselves!
You take 3 damage, and have 45/48 hp.
A giant cockroach comes into view.
There is a stone staircase leading down here.
The orc shouts!
You slash the orc!
You kill the orc!
Things that are here:
a +0 mace; a +0 leather armour; a scroll labelled MULOOPLE AGAVU You regained 2 hp, and now have 47/48 hp.
A worm comes into view.
The orc priest hits you with a +0 club.
You take 3 damage, and have 44/48 hp.
You hit the orc priest.
The orc priest is moderately wounded.
You hit the giant cockroach but do no damage.
The giant cockroach barely misses you. The giant cockroach misses you.
You hit the orc priest but do no damage.
The orc priest is moderately wounded.
You hit the giant cockroach.
The orc priest hits you but does no damage.
The giant cockroach bites you but does no damage.
The orc priest closely misses you. The orc hits you but does no damage.
The giant cockroach closely misses you.
You closely miss the giant cockroach.
The giant cockroach is heavily wounded.
You slash the orc!
You kill the orc!
You closely miss the orc priest.
The orc priest hits you but does no damage.
The giant cockroach bites you but does no damage.
You closely miss the giant cockroach.
The giant cockroach is heavily wounded.
You barely miss the orc priest. You barely miss the orc.
The giant cockroach barely misses you. The orc hits you with a +4 flail.
The orc priest calls down the wrath of Beogh upon you.
Beogh smites you!
The giant cockroach bites you but does no damage.
You take 15 damage, and have 30/48 hp.
MASSIVE DAMAGE!!
You barely miss the orc priest.
The orc priest is moderately wounded.
You completely miss the orc. You closely miss the giant cockroach.
The orc hits you with a +4 flail. The orc priest hits you with a +0 club.
The giant cockroach bites you but does no damage.
An orc comes into view. It is wielding a +0 flail.
The orc priest looks braver for a moment.
The orc closely misses you.
You take 5 damage, and have 25/48 hp.
You slash the orc priest!
The orc priest is almost dead.
You hit the orc but do no damage. You hit the giant cockroach.
You kill the giant cockroach!
The orc priest hits you with a +0 club. The orc hits you with a +4 flail!
* * * LOW HITPOINT WARNING * * *
You take 11 damage, and have 14/48 hp.
MASSIVE DAMAGE!!
It was a potion of cancellation.
You feel magically purged.
The orc priest mumbles some strange prayers to Beogh against you.
Beogh smites you!
You die...

, ... , * ##o# , *
# ..., , ,* .##.# ,
..>## , * , *#..##
, .######ow.#### ,*
.......@o....##.#.#
.##.#..)..........#
* ,##.>...#..##...
, *#.........# * ,
#.#..##...#* ,
,............. *
.##.#..##...### #
#..... ...# *
*#.........# **


You could see a worm, an orc priest and 2 orcs.

Vanquished Creatures
  Terence (D:2)
  An iguana (D:4)
  5 adders
  An ufetubus (D:4)
  2 orcs (D:3)
  2 ball pythons (D:1)
  3 endoplasms (D:2)
  3 giant cockroaches
  A goblin (D:3)
  3 hobgoblins
  7 jackals
  3 kobolds
  2 quokkas
  A bat (D:2)
  A frilled lizard (D:1)
  A rat (D:2)
37 creatures vanquished.

Notes
Turn   | Place    | Note
-------+----------+-------------------------------------------
     0 | D:1      | mdonais the Meteoran Gladiator began the quest for the Orb.
     0 | D:1      | Reached XP level 1. HP: 17/17 MP: 2/2
    54 | D:1      | Reached XP level 2. HP: 20/25 MP: 3/3
    86 | D:2      | Reached skill level 3 in Fighting
   108 | D:2      | Reached XP level 3. HP: 33/33 MP: 4/4
   142 | D:2      | Reached skill level 4 in Fighting
   168 | D:2      | Reached XP level 4. HP: 29/40 MP: 5/5
   175 | D:2      | Found a basalt altar of Yredelemnul.
   190 | D:2      | Noticed Terence
   198 | D:2      | Killed Terence
   199 | D:2      | Reached skill level 1 in Armour
   424 | D:3      | Found Peojor's Weapon Boutique.
   475 | D:3      | Reached XP level 5. HP: 47/47 MP: 6/6
   581 | D:4      | Reached skill level 5 in Fighting
   612 | D:3      | Killed from afar by an orc priest

Illustrated notes

Levels and vault maps discovered:
D:1:      lightli_arrival_maybe_door_vault, layout_loops_corners,
          dreamdust_ecumenical_altar_statues, serial_rivers,
          chequers_serial_rivers_room_b, chequers_serial_rivers_large_b,
          chequers_serial_rivers_micro_b, chequers_serial_rivers_small_a,
          chequers_serial_rivers_room_a
D:2:      layout_basic, basic_altar, uniq_terence
D:3:      layout_loops_ring, serial_shops, nicolae_lakefront_shop
D:4:      layout_rooms, mainiacjoe_overflow_paths, temple_fountains

Skill      XL: |  1  2  3  4  5 |
---------------+----------------+-----
Fighting       | 3 4 5 |  5.0
Armour         | 1 2 |  2.9
Axes           | |  3.6
Throwing       | |  2.4
Dodging        | |  3.6

Action                   |  1- 3 |  4- 6 || total
-------------------------+-------+-------++-------
Melee: War axe           |    43 |    64 ||   107
Throw: Javelin           |     1 |     1 ||     2
       Dart              |       |     4 ||     4
       Throwing net      |       |     1 ||     1
  Use: Potion            |       |     1 ||     1
Armor: Leather armour    |    12 |       ||    12
       Ring mail         |     3 |    39 ||    42
Dodge: Dodged            |    25 |    45 ||    70

Table legend: (Time is in decaauts)
 A = Elapsed time spent in this place.
 B = Non-inter-level travel time spent in this place.
 C = Inter-level travel time spent in this place.
 D = Time resting spent in this place.
 E = Time spent auto-exploring this place.
 F = Levels seen in this place.
 G = Mean time per level.
                   A        B        C        D        E       F      G
               +--------+--------+--------+--------+--------+-----+--------+
         Total |    645 |    645 |      0 |      0 |      0 |   4 |  161.2 |
       Dungeon |    645 |    645 |      0 |      0 |      0 |   4 |  161.2 |
               +--------+--------+--------+--------+--------+-----+--------+

Top non-repeatable levels by time:
     D:2: 297 daAuts
     D:3: 222 daAuts
     D:1: 84 daAuts
     D:4: 41 daAuts
